Remparts vs Thunder
Created - April 25, 2019 at 23:44
Goals
|
| Remparts |
2 |
1 |
2 |
0 |
5 |
| Thunder |
2 |
2 |
1 |
1 |
6 |
|
Shots
|
| Remparts |
14 |
12 |
15 |
0 |
41 |
| Thunder |
8 |
11 |
10 |
2 |
31 |
|
1st period
1. Remparts , Max Reinhart 42 (Nail Yakupov 21, Pontus Aberg 44) at 2:41
2. Thunder , Peter Andersson 5 (Benn Ferriero 8, Ryan Nugent-Hopkins 51) at 11:32 (PP)
3. Remparts , Brandon Mashinter 24 (Nail Yakupov 22, Brandon Gormley 75) at 13:45 (PP)
4. Thunder , Trevor Lewis 35 (Peter Andersson 23) at 14:54 (PP)
Penalties :
Brandon Gormley (Que) for Roughing (Minor) at 11:19, Jake Muzzin (TRO) for High sticking (Minor) at 13:09, Brandon Mashinter (Que) for Tripping (Minor) at 14:17, Griffin Reinhart (Que) for Hooking (Minor) at 15:19
2nd period
5. Remparts , Daniel Paille 50 (Brandon Mashinter 34, Nail Yakupov 23) at 1:55
6. Thunder , Thomas Spelling 18 (Trevor Lewis 35, Nikolay Prokhorkin 3) at 5:40 (PP)
7. Thunder , Joe Labate 10 (Jared Staal 16, Jake Muzzin 21) at 11:49
Penalties :
Erik Gustafsson (Que) for Interference (Minor) at 3:12, Matt Puempel (Que) for Holding (Minor) at 5:35, Griffin Reinhart (Que) for Roughing (Minor) at 9:28
3rd period
8. Remparts , Daniel Paille 51 (Ryan Strome 43, Brandon Mashinter 35) at 6:20
9. Thunder , Austin Wuthrich 8 (Ryan Nugent-Hopkins 52) at 9:03
10. Remparts , Brandon Gormley 17 (Pontus Aberg 45, Nail Yakupov 24) at 19:57
Penalties :
Nail Yakupov (Que) for Hooking (Minor) at 2:12, Griffin Reinhart (Que) for Hooking (Minor) at 10:17, Pontus Aberg (Que) for Hooking (Minor) at 17:45
Overtime #1
11. Thunder , Trevor Lewis 36 (Ryan Nugent-Hopkins 53) at 2:28
Penalties :
No Penalty
Goalie Stats
Tyler Plante (Que), 25 saves from 31 shots - (0.806), OTL, 14-8-3, 62:24 minutes
Niklas Treutle (TRO), 36 saves from 41 shots - (0.878), W, 8-6-2, 62:28 minutes
Players Stats for Remparts
Player Name G A P +/- PIM S H SB GA TA FO MP PP MP PK MP
------------------------------------------------------------------------------------
Anton Zlobin 0 0 0 0 0 1 1 0 1 0 0/0 6:01 0:00 0:00
Brandon Gormley 1 1 2 1 2 1 4 3 0 1 0/0 27:13 0:36 6:59
Brandon Mashinter 1 2 3 1 2 3 4 0 0 0 5/10 16:36 0:06 4:14
Chris Mueller 0 0 0 0 0 1 1 0 0 0 6/11 11:23 0:00 0:00
Daniel Paille 2 0 2 1 0 5 2 0 1 0 1/3 18:51 0:06 6:55
Erik Gustafsson 0 0 0 1 2 3 1 0 0 1 0/0 24:14 0:36 4:02
Griffin Reinhart 0 0 0 -2 6 5 1 2 0 1 0/0 16:07 0:00 0:49
Justin Williams 0 0 0 0 0 3 2 0 0 0 0/1 11:23 0:00 0:00
Keaton Thompson 0 0 0 1 0 1 1 0 0 1 0/0 15:01 0:00 0:54
Matt Puempel 0 0 0 0 2 0 1 0 0 0 0/0 11:34 0:00 0:12
Max Reinhart 1 0 1 1 0 2 3 1 2 1 10/38 25:43 0:30 7:00
Michal Jordan 0 0 0 -1 0 1 3 1 0 0 0/0 22:18 0:00 5:45
Mitchell Heard 0 0 0 -1 0 3 2 0 0 0 1/2 7:59 0:00 1:35
Nail Yakupov 0 4 4 2 2 3 0 1 0 1 0/1 21:48 0:30 3:01
Niklas Hansson 0 0 0 1 0 2 0 0 0 0 0/0 21:01 0:00 7:09
Pontus Aberg 0 2 2 1 2 5 1 2 0 0 1/2 18:43 0:30 0:00
Roberts Lipsbergs 0 0 0 -1 0 1 0 0 0 0 0/0 9:05 0:00 2:41
Ryan Strome 0 1 1 1 0 1 1 0 0 0 0/0 11:54 0:06 0:00
Players Stats for Thunder
Player Name G A P +/- PIM S H SB GA TA FO MP PP MP PK MP
------------------------------------------------------------------------------------
Adam Clendening 0 0 0 0 0 1 2 4 2 1 0/0 21:44 5:21 0:18
Artur Gavrus 0 0 0 0 0 0 0 0 0 0 0/0 0:00 0:00 0:00
Austin Wuthrich 1 0 1 -1 0 2 2 0 1 0 0/0 9:53 0:15 0:00
Benn Ferriero 0 1 1 -2 0 5 1 1 1 0 7/8 28:00 6:37 0:36
Colby Cave 0 0 0 1 0 0 0 0 0 0 0/0 5:24 0:44 0:00
David Wolf 0 0 0 0 0 0 1 0 0 0 1/1 19:02 6:56 0:00
Duncan Siemens 0 0 0 0 0 2 2 0 0 1 0/0 21:44 5:21 0:18
Gianluca Curcuruto 0 0 0 0 0 0 2 0 0 0 0/0 11:09 0:00 0:18
Jake Muzzin 0 1 1 -1 2 3 3 2 0 0 0/0 29:34 7:28 0:00
Jared Staal 0 1 1 0 0 2 1 0 0 0 0/0 10:19 0:00 0:00
Jarrod Maidens 0 0 0 0 0 0 0 0 0 0 0/0 1:28 0:00 0:00
Joe Labate 1 0 1 0 0 3 1 0 0 0 4/6 10:19 0:00 0:00
Mikko Vainonen 0 0 0 0 0 0 0 1 0 1 0/0 10:51 0:00 0:00
Nikolay Prokhorkin 0 1 1 0 0 0 1 0 0 0 1/2 19:14 5:31 0:00
Peter Andersson 1 1 2 -1 0 2 3 0 0 0 0/0 29:53 7:28 0:18
Ryan Nugent-Hopkins 0 3 3 -1 0 3 2 0 0 1 20/30 27:17 6:56 0:36
Thomas Spelling 1 0 1 0 0 3 3 0 2 0 0/1 19:14 5:31 0:00
Trevor Lewis 2 1 3 1 0 4 3 0 0 0 7/15 19:53 5:31 0:00
Vincent Dunn 0 0 0 -1 0 0 0 0 0 0 0/0 4:50 0:23 0:00
Zach Stepan 0 0 0 -1 0 1 0 0 0 0 4/5 9:26 0:03 0:00
3 Stars
1 - Trevor Lewis (TRO)
2 - Daniel Paille (Que)
3 - Brandon Mashinter (Que)
Power Play
Remparts - 1 on 2 Attempt(s) - 50.00%
Thunder - 3 on 8 Attempt(s) - 37.50%
Penalty Kill
Remparts - 5 on 8 Attempt(s) - 62.50%
- Score 0 goal in Penalty Kill
Thunder - 1 on 2 Attempt(s) - 50.00%
- Score 0 goal in Penalty Kill
Team Stat
Remparts - Hits : 28 - Faceoff Wins : 24 - Blocked Shots : 10 - Penalty Minutes : 18
Thunder - Hits : 27 - Faceoff Wins : 44 - Blocked Shots : 8 - Penalty Minutes : 2
Official
Referees : Unknown
Linesman : Unknown
Game Notes
6:13 of 3rd period - Penalty Shot by Ryan Nugent-Hopkins for Thunder - Stopped by Tyler Plante
Finance
Level 1 -- Attendance: 1603 (80.15%) -- Ticket Income $64,120
Level 2 -- Attendance: 805 (80.50%) -- Ticket Income $16,100
Total Attendance: 2408 (80.27%)
Total Ticket Income: $80,220
Other Income: $4,011
Total Income: $84,231
Remparts
5 vs 5 Forward
Center Left Wing Right Wing Time % Phy DF OF
1 Max Reinhart Pontus Aberg Nail Yakupov 40 1 2 2
2 Brandon Mashinter Daniel Paille Ryan Strome 30 1 2 2
3 Chris Mueller Matt Puempel Justin Williams 20 1 2 2
4 Mitchell Heard Roberts Lipsbergs Anton Zlobin 10 1 2 2
5 vs 5 Defense
Defense Defense Time % Phy DF OF
1 Brandon Gormley Erik Gustafsson 40 1 2 2
2 Griffin Reinhart Michal Jordan 30 1 2 2
3 Niklas Hansson Keaton Thompson 20 1 2 2
4 Brandon Gormley Michal Jordan 10 1 2 2
PowerPlay Forward
Center Left Wing Right Wing Time % Phy DF OF
1 Max Reinhart Pontus Aberg Nail Yakupov 60 1 2 2
2 Brandon Mashinter Daniel Paille Ryan Strome 40 1 2 2
PowerPlay Defense
Defense Defense Time % Phy DF OF
1 Brandon Gormley Erik Gustafsson 60 1 2 2
2 Michal Jordan Griffin Reinhart 40 1 2 2
Penalty Kill 4 Players Forward
Center Wing Time % Phy DF OF
1 Max Reinhart Daniel Paille 60 1 2 2
2 Brandon Mashinter Nail Yakupov 40 1 2 2
Penalty Kill 4 Players Defense
Defense Defense Time % Phy DF OF
1 Brandon Gormley Niklas Hansson 60 1 2 2
2 Michal Jordan Erik Gustafsson 40 1 2 2
Penalty Kill - 3 Players Forward
Forward Time % Phy DF OF
1 Max Reinhart 60 1 2 2
2 Brandon Mashinter 40 1 2 2
Penalty Kill - 3 Players Defense
Defense Defense Time % Phy DF OF
1 Brandon Gormley Niklas Hansson 60 1 2 2
2 Michal Jordan Erik Gustafsson 40 1 2 2
4 vs 4 Forward
Center Wing Time % Phy DF OF
1 Max Reinhart Pontus Aberg 60 1 2 2
2 Brandon Mashinter Nail Yakupov 40 1 2 2
4 vs 4 Defense
Defense Defense Time % Phy DF OF
1 Brandon Gormley Erik Gustafsson 60 1 2 2
2 Michal Jordan Griffin Reinhart 40 1 2 2
Last Minutes Offensive
Center Left Wing Right Wing Defense Defense
Max Reinhart Pontus Aberg Nail Yakupov Brandon Gormley Erik Gustafsson
Last Minutes Defensive
Center Left Wing Right Wing Defense Defense
Max Reinhart Daniel Paille Justin Williams Brandon Gormley Niklas Hansson
Goaltenders
Starting : Tyler Plante
Backup : Igor Bobkov
Extra Forwards
Normal : Ryan Strome, Pontus Aberg, Max Reinhart - PP : Nail Yakupov, Pontus Aberg - PK : Brandon Mashinter
Extra Defensemen
Normal : Griffin Reinhart, Brandon Gormley, Michal Jordan - PP : Griffin Reinhart - PK : Griffin Reinhart, Michal Jordan
Penalty Shots
Daniel Paille, Nail Yakupov, Max Reinhart, Ryan Strome, Pontus Aberg
Scratches
Viktor Baldayev (Sprained Right Finger Injury), Juuso Ikonen (Healthy), Michael Downing (Healthy), Kyle Platzer (Healthy), Connor Honey (Healthy)
Tim Bozon (Healthy), François Brassard (Healthy), Jason Missiaen (Healthy)
Thunder
5 vs 5 Forward
Center Left Wing Right Wing Time % Phy DF OF
1 Ryan Nugent-Hopkins David Wolf Benn Ferriero 40 1 2 2
2 Trevor Lewis Nikolay Prokhorkin Thomas Spelling 30 1 2 2
3 Joe Labate Benn Ferriero Jared Staal 20 1 2 2
4 Zach Stepan Ryan Nugent-Hopkins Austin Wuthrich 10 1 2 2
5 vs 5 Defense
Defense Defense Time % Phy DF OF
1 Jake Muzzin Peter Andersson 40 1 2 2
2 Adam Clendening Duncan Siemens 30 1 2 2
3 Mikko Vainonen Gianluca Curcuruto 20 1 2 2
4 Jake Muzzin Peter Andersson 10 1 2 2
PowerPlay Forward
Center Left Wing Right Wing Time % Phy DF OF
1 Ryan Nugent-Hopkins David Wolf Benn Ferriero 60 1 2 2
2 Trevor Lewis Nikolay Prokhorkin Thomas Spelling 40 1 2 2
PowerPlay Defense
Defense Defense Time % Phy DF OF
1 Jake Muzzin Peter Andersson 60 1 2 2
2 Adam Clendening Duncan Siemens 40 1 2 2
Penalty Kill 4 Players Forward
Center Wing Time % Phy DF OF
1 Benn Ferriero Ryan Nugent-Hopkins 60 1 2 2
2 Trevor Lewis David Wolf 40 1 2 2
Penalty Kill 4 Players Defense
Defense Defense Time % Phy DF OF
1 Jake Muzzin Peter Andersson 60 1 2 2
2 Adam Clendening Duncan Siemens 40 1 2 2
Penalty Kill - 3 Players Forward
Forward Time % Phy DF OF
1 Benn Ferriero 60 1 2 2
2 Ryan Nugent-Hopkins 40 1 2 2
Penalty Kill - 3 Players Defense
Defense Defense Time % Phy DF OF
1 Jake Muzzin Peter Andersson 60 1 2 2
2 Adam Clendening Duncan Siemens 40 1 2 2
4 vs 4 Forward
Center Wing Time % Phy DF OF
1 Benn Ferriero Ryan Nugent-Hopkins 60 1 2 2
2 Trevor Lewis David Wolf 40 1 2 2
4 vs 4 Defense
Defense Defense Time % Phy DF OF
1 Jake Muzzin Peter Andersson 60 1 2 2
2 Adam Clendening Duncan Siemens 40 1 2 2
Last Minutes Offensive
Center Left Wing Right Wing Defense Defense
Ryan Nugent-Hopkins David Wolf Benn Ferriero Jake Muzzin Peter Andersson
Last Minutes Defensive
Center Left Wing Right Wing Defense Defense
Ryan Nugent-Hopkins David Wolf Benn Ferriero Jake Muzzin Peter Andersson
Goaltenders
Starting : Niklas Treutle
Backup : Devan Dubnyk
Extra Forwards
Normal : Colby Cave, Vincent Dunn, Jarrod Maidens - PP : Colby Cave, Vincent Dunn - PK : Jarrod Maidens
Extra Defensemen
Normal : Mikko Vainonen, Gianluca Curcuruto, Adam Clendening - PP : Mikko Vainonen - PK : Gianluca Curcuruto, Adam Clendening
Penalty Shots
Benn Ferriero, Ryan Nugent-Hopkins, Trevor Lewis, David Wolf, Thomas Spelling
Scratches
Dany Roussin (Bruised Left Shoulder Injury), Jamie McGinn (Strained Right Elbow Injury)
% Time on Ice - Remparts
Lines # - Real PCT - Wanted PCT - Time Play
Normal Forward
1 - 37% - 40% - 17:14
2 - 25% - 30% - 11:45
3 - 25% - 20% - 11:23
4 - 13% - 10% - 6:01
Normal Defense
1 - 39% - 40% - 17:57
2 - 31% - 30% - 14:10
3 - 28% - 20% - 13:04
4 - 3% - 10% - 1:12
PP Forward
1 - 83% - 60% - 0:30
2 - 17% - 40% - 0:06
PP Defense
1 - 100% - 60% - 0:36
2 - 0% - 40% - 0:00
PK Forward
1 - 71% - 60% - 9:04
2 - 29% - 40% - 3:45
PK Defense
1 - 62% - 60% - 7:58
2 - 38% - 40% - 4:51
PK3 Forward
1 - 0% - 60%
2 - 0% - 40%
PK3 Defense
1 - 0% - 60%
2 - 0% - 40%
44 Forward
1 - 78% - 60% - 1:56
2 - 22% - 40% - 0:32
44 Defense
1 - 44% - 60% - 1:05
2 - 56% - 40% - 1:23
Last Minute Offensive - 0:12
Last Minute Defensive - 0:00
Total
Forward - 62:28
Defense - 62:28
|
% Time on Ice - Thunder
Lines # - Real PCT - Wanted PCT - Time Play
Normal Forward
1 - 26% - 40% - 11:54
2 - 33% - 30% - 15:11
3 - 22% - 20% - 10:19
4 - 20% - 10% - 9:11
Normal Defense
1 - 41% - 40% - 19:08
2 - 32% - 30% - 14:55
3 - 23% - 20% - 10:51
4 - 4% - 10% - 1:41
PP Forward
1 - 57% - 60% - 7:18
2 - 43% - 40% - 5:31
PP Defense
1 - 58% - 60% - 7:28
2 - 42% - 40% - 5:21
PK Forward
1 - 100% - 60% - 0:36
2 - 0% - 40% - 0:00
PK Defense
1 - 50% - 60% - 0:18
2 - 50% - 40% - 0:18
PK3 Forward
1 - 0% - 60%
2 - 0% - 40%
PK3 Defense
1 - 0% - 60%
2 - 0% - 40%
44 Forward
1 - 74% - 60% - 1:49
2 - 26% - 40% - 0:39
44 Defense
1 - 53% - 60% - 1:18
2 - 47% - 40% - 1:10
Last Minute Offensive - 0:00
Last Minute Defensive - 0:00
Total
Forward - 62:28
Defense - 62:28
|
Play-by-Play
1st period
0:01 of 1st period - Ryan Nugent-Hopkins wins face-off versus Max Reinhart in neutral zone.
0:08 of 1st period - Wrist shot by Nail Yakupov.
0:08 of 1st period - Stopped by Niklas Treutle with a rebound.
0:10 of 1st period - Snap shot by Brandon Gormley.
0:10 of 1st period - Deflect By Nail Yakupov.
0:10 of 1st period - Stopped by Niklas Treutle without a rebound.
0:11 of 1st period - Brandon Mashinter wins face-off versus Trevor Lewis in Thunder zone.
0:18 of 1st period - Snap shot by Ryan Strome.
0:18 of 1st period - Shot Misses the Net.
0:20 of 1st period - Wrist shot by Brandon Mashinter.
0:20 of 1st period - Shot Blocked by Adam Clendening.
0:22 of 1st period - Slapshot by Michal Jordan.
0:22 of 1st period - Shot Blocked by Adam Clendening.
0:24 of 1st period - Snap shot by Daniel Paille.
0:24 of 1st period - Shot Misses the Net.
0:26 of 1st period - Snap shot by Ryan Strome.
0:26 of 1st period - Shot Misses the Net.
0:36 of 1st period - Chris Mueller is hit by Adam Clendening and loses puck.
0:43 of 1st period - Jared Staal is hit by Justin Williams and loses puck.
2:21 of 1st period - Wrist shot by Anton Zlobin.
2:21 of 1st period - Stopped by Niklas Treutle with a rebound.
2:39 of 1st period - Snap shot by Nail Yakupov.
2:39 of 1st period - Shot Misses the Net.
2:41 of 1st period - Wrist shot by Max Reinhart.
2:41 of 1st period - Goal by Max Reinhart - Remparts : 1 - Thunder : 0.
2:42 of 1st period - Ryan Nugent-Hopkins wins face-off versus Max Reinhart in neutral zone.
2:47 of 1st period - Wrist shot by Ryan Nugent-Hopkins.
2:47 of 1st period - Shot Blocked by Pontus Aberg.
2:53 of 1st period - Slapshot by Benn Ferriero.
2:53 of 1st period - Stopped by Tyler Plante with a rebound.
2:55 of 1st period - Slapshot by Peter Andersson.
2:55 of 1st period - Shot Blocked by Pontus Aberg.
2:57 of 1st period - Slapshot by Jake Muzzin.
2:57 of 1st period - Shot Blocked by Brandon Gormley.
3:28 of 1st period - Slapshot by Brandon Gormley.
3:28 of 1st period - Shot Blocked by Mikko Vainonen.
3:30 of 1st period - Wrist shot by Chris Mueller.
3:30 of 1st period - Shot Hit the Post.
3:32 of 1st period - Wrist shot by Erik Gustafsson.
3:32 of 1st period - Stopped by Niklas Treutle with a rebound.
3:54 of 1st period - Wrist shot by Mitchell Heard.
3:54 of 1st period - Stopped by Niklas Treutle with a rebound.
4:23 of 1st period - Thomas Spelling is hit by Michal Jordan and loses puck.
4:44 of 1st period - Jake Muzzin is hit by Brandon Gormley and loses puck.
5:01 of 1st period - Mitchell Heard is hit by Benn Ferriero and loses puck.
5:21 of 1st period - Jared Staal is hit by Brandon Mashinter and loses puck.
5:40 of 1st period - Wrist shot by Thomas Spelling.
5:40 of 1st period - Shot Blocked by Griffin Reinhart.
5:47 of 1st period - Off-side.
5:48 of 1st period - Zach Stepan wins face-off versus Nail Yakupov in neutral zone.
5:53 of 1st period - Snap shot by Ryan Nugent-Hopkins.
5:53 of 1st period - Shot Misses the Net.
6:01 of 1st period - Jake Muzzin is hit by Brandon Gormley and loses puck.
6:12 of 1st period - Daniel Paille is hit by Trevor Lewis and loses puck.
6:19 of 1st period - Jake Muzzin is hit by Brandon Mashinter and loses puck.
6:47 of 1st period - Jared Staal is hit by Anton Zlobin and loses puck.
7:06 of 1st period - Max Reinhart is hit by Austin Wuthrich and loses puck.
7:33 of 1st period - Nikolay Prokhorkin is hit by Matt Puempel and loses puck.
8:26 of 1st period - Niklas Hansson is hit by Ryan Nugent-Hopkins and loses puck.
9:02 of 1st period - Wrist shot by Daniel Paille.
9:02 of 1st period - Stopped by Niklas Treutle with a rebound.
9:12 of 1st period - Slapshot by Benn Ferriero.
9:12 of 1st period - Deflect By Brandon Mashinter.
9:12 of 1st period - Shot Misses the Net.
9:12 of 1st period - Puck is out of play.
9:13 of 1st period - Trevor Lewis wins face-off versus Max Reinhart in Remparts zone.
9:28 of 1st period - Snap shot by Pontus Aberg.
9:28 of 1st period - Stopped by Niklas Treutle with a rebound.
9:44 of 1st period - Adam Clendening is hit by Justin Williams and loses puck.
9:50 of 1st period - Icing by Adam Clendening.
9:51 of 1st period - Zach Stepan wins face-off versus Max Reinhart in Thunder zone.
10:38 of 1st period - Snap shot by Nail Yakupov.
10:38 of 1st period - Shot Misses the Net.
11:06 of 1st period - Snap shot by Max Reinhart.
11:06 of 1st period - Stopped by Niklas Treutle without a rebound.
11:07 of 1st period - Ryan Nugent-Hopkins wins face-off versus Brandon Mashinter in Thunder zone.
11:19 of 1st period - Minor Penalty to Brandon Gormley for Roughing.
11:20 of 1st period - Ryan Nugent-Hopkins wins face-off versus Max Reinhart in Remparts zone.
11:22 of 1st period - Wrist shot by Ryan Nugent-Hopkins.
11:22 of 1st period - Stopped by Tyler Plante with a rebound.
11:24 of 1st period - Slapshot by Benn Ferriero.
11:24 of 1st period - Shot Blocked by Michal Jordan.
11:28 of 1st period - Wrist shot by Benn Ferriero.
11:28 of 1st period - Stopped by Tyler Plante without a rebound.
11:29 of 1st period - Ryan Nugent-Hopkins wins face-off versus Max Reinhart in Remparts zone.
11:30 of 1st period - Wrist shot by Benn Ferriero.
11:30 of 1st period - Shot Misses the Net.
11:32 of 1st period - Slapshot by Peter Andersson.
11:32 of 1st period - Goal by Peter Andersson - Remparts : 1 - Thunder : 1.
11:33 of 1st period - Ryan Nugent-Hopkins wins face-off versus Brandon Mashinter in neutral zone.
11:40 of 1st period - Wrist shot by Brandon Mashinter.
11:40 of 1st period - Stopped by Niklas Treutle with a rebound.
11:58 of 1st period - Erik Gustafsson is hit by Jake Muzzin and loses puck.
12:07 of 1st period - Slapshot by Brandon Gormley.
12:07 of 1st period - Shot Misses the Net.
12:09 of 1st period - Slapshot by Brandon Gormley.
12:09 of 1st period - Deflect By Daniel Paille.
12:09 of 1st period - Shot Misses the Net.
12:09 of 1st period - Puck is out of play.
12:10 of 1st period - Max Reinhart wins face-off versus Ryan Nugent-Hopkins in Thunder zone.
12:19 of 1st period - Snap shot by Pontus Aberg.
12:19 of 1st period - Shot Blocked by Benn Ferriero.
12:24 of 1st period - Off-side.
12:25 of 1st period - Chris Mueller wins face-off versus Ryan Nugent-Hopkins in neutral zone.
12:50 of 1st period - Ryan Nugent-Hopkins is hit by Brandon Mashinter and loses puck.
13:09 of 1st period - Minor Penalty to Jake Muzzin for High sticking.
13:10 of 1st period - Benn Ferriero wins face-off versus Max Reinhart in Thunder zone.
13:18 of 1st period - Off-side.
13:19 of 1st period - Benn Ferriero wins face-off versus Max Reinhart in neutral zone.
13:27 of 1st period - Icing by Brandon Gormley.
13:28 of 1st period - Benn Ferriero wins face-off versus Max Reinhart in Remparts zone.
13:29 of 1st period - Wrist shot by Ryan Nugent-Hopkins.
13:29 of 1st period - Stopped by Tyler Plante with a rebound.
13:45 of 1st period - Wrist shot by Brandon Mashinter.
13:45 of 1st period - Goal by Brandon Mashinter - Remparts : 2 - Thunder : 1.
13:46 of 1st period - Ryan Nugent-Hopkins wins face-off versus Max Reinhart in neutral zone.
13:46 of 1st period - Benn Ferriero is hit by Brandon Gormley and loses puck.
14:17 of 1st period - Minor Penalty to Brandon Mashinter for Tripping.
14:18 of 1st period - Ryan Nugent-Hopkins wins face-off versus Max Reinhart in Remparts zone.
14:18 of 1st period - Slapshot by Benn Ferriero.
14:18 of 1st period - Shot Blocked by Max Reinhart.
14:54 of 1st period - Snap shot by Trevor Lewis.
14:54 of 1st period - Goal by Trevor Lewis - Remparts : 2 - Thunder : 2.
14:55 of 1st period - David Wolf wins face-off versus Chris Mueller in neutral zone.
15:06 of 1st period - Wrist shot by Benn Ferriero.
15:06 of 1st period - Shot Misses the Net.
15:08 of 1st period - Snap shot by Jake Muzzin.
15:08 of 1st period - Stopped by Tyler Plante without a rebound.
15:09 of 1st period - Ryan Nugent-Hopkins wins face-off versus Pontus Aberg in Remparts zone.
15:10 of 1st period - Snap shot by Benn Ferriero.
15:10 of 1st period - Stopped by Tyler Plante without a rebound.
15:11 of 1st period - Ryan Nugent-Hopkins wins face-off versus Max Reinhart in Remparts zone.
15:19 of 1st period - Minor Penalty to Griffin Reinhart for Hooking.
15:20 of 1st period - Ryan Nugent-Hopkins wins face-off versus Max Reinhart in Remparts zone.
16:57 of 1st period - Icing by Trevor Lewis.
16:58 of 1st period - Mitchell Heard wins face-off versus Trevor Lewis in Thunder zone.
16:59 of 1st period - Snap shot by Erik Gustafsson.
16:59 of 1st period - Shot Misses the Net.
17:19 of 1st period - Penalty to Griffin Reinhart is over, Griffin Reinhart is back on ice.
17:40 of 1st period - Icing by Ryan Nugent-Hopkins.
17:41 of 1st period - Zach Stepan wins face-off versus Chris Mueller in Thunder zone.
18:05 of 1st period - Wrist shot by Thomas Spelling.
18:05 of 1st period - Shot Blocked by Nail Yakupov.
18:21 of 1st period - Slapshot by Daniel Paille.
18:21 of 1st period - Stopped by Niklas Treutle with a rebound.
18:39 of 1st period - Brandon Gormley is hit by Peter Andersson and loses puck.
18:44 of 1st period - Snap shot by Ryan Nugent-Hopkins.
18:44 of 1st period - Shot Misses the Net.
19:21 of 1st period - Wrist shot by Pontus Aberg.
19:21 of 1st period - Stopped by Niklas Treutle with a rebound.
19:23 of 1st period - Slapshot by Griffin Reinhart.
19:23 of 1st period - Deflect By Benn Ferriero.
19:23 of 1st period - Stopped by Niklas Treutle without a rebound.
19:24 of 1st period - Benn Ferriero wins face-off versus Max Reinhart in Thunder zone.
19:31 of 1st period - Slapshot by Joe Labate.
19:31 of 1st period - Shot Misses the Net.
19:37 of 1st period - Mikko Vainonen is hit by Max Reinhart and loses puck.
Goals for this period are 2 for Remparts vs 2 for Thunder.
Shots for this period are 14 for Remparts vs 8 for Thunder.
2nd period
0:01 of 2nd period - Max Reinhart wins face-off versus Ryan Nugent-Hopkins in neutral zone.
0:26 of 2nd period - Trevor Lewis is hit by Ryan Strome and loses puck.
0:35 of 2nd period - Wrist shot by Thomas Spelling.
0:35 of 2nd period - Stopped by Tyler Plante with a rebound.
1:55 of 2nd period - Snap shot by Daniel Paille.
1:55 of 2nd period - Goal by Daniel Paille - Remparts : 3 - Thunder : 2.
1:56 of 2nd period - Max Reinhart wins face-off versus Ryan Nugent-Hopkins in neutral zone.
1:59 of 2nd period - Peter Andersson is hit by Max Reinhart and loses puck.
2:46 of 2nd period - Slapshot by Peter Andersson.
2:46 of 2nd period - Deflect By Benn Ferriero.
2:46 of 2nd period - Shot Blocked by Griffin Reinhart.
2:46 of 2nd period - Puck is out of play.
2:47 of 2nd period - Joe Labate wins face-off versus Chris Mueller in Remparts zone.
2:50 of 2nd period - Wrist shot by Jared Staal.
2:50 of 2nd period - Stopped by Tyler Plante without a rebound.
2:51 of 2nd period - Max Reinhart wins face-off versus Ryan Nugent-Hopkins in Remparts zone.
2:51 of 2nd period - Max Reinhart is hit by David Wolf.
3:12 of 2nd period - Minor Penalty to Erik Gustafsson for Interference.
3:13 of 2nd period - Ryan Nugent-Hopkins wins face-off versus Max Reinhart in Remparts zone.
3:16 of 2nd period - Snap shot by Benn Ferriero.
3:16 of 2nd period - Shot Misses the Net.
3:18 of 2nd period - Slapshot by Benn Ferriero.
3:18 of 2nd period - Shot Misses the Net.
3:20 of 2nd period - Slapshot by Jake Muzzin.
3:20 of 2nd period - Stopped by Tyler Plante with a rebound.
3:22 of 2nd period - Snap shot by David Wolf.
3:22 of 2nd period - Shot Blocked by Brandon Gormley.
3:24 of 2nd period - Wrist shot by Benn Ferriero.
3:24 of 2nd period - Stopped by Tyler Plante with a rebound.
3:43 of 2nd period - Icing by Thomas Spelling.
3:44 of 2nd period - Trevor Lewis wins face-off versus Brandon Mashinter in Thunder zone.
5:12 of 2nd period - Penalty to Erik Gustafsson is over, Erik Gustafsson is back on ice.
5:25 of 2nd period - Off-side.
5:26 of 2nd period - Chris Mueller wins face-off versus Thomas Spelling in neutral zone.
5:29 of 2nd period - Adam Clendening is hit by Brandon Gormley and loses puck.
5:35 of 2nd period - Minor Penalty to Matt Puempel for Holding.
5:36 of 2nd period - Nikolay Prokhorkin wins face-off versus Daniel Paille in Remparts zone.
5:40 of 2nd period - Snap shot by Thomas Spelling.
5:40 of 2nd period - Goal by Thomas Spelling - Remparts : 3 - Thunder : 3.
5:41 of 2nd period - Ryan Nugent-Hopkins wins face-off versus Max Reinhart in neutral zone.
6:14 of 2nd period - Snap shot by Thomas Spelling.
6:14 of 2nd period - Shot Misses the Net.
6:16 of 2nd period - Slapshot by Trevor Lewis.
6:16 of 2nd period - Shot Misses the Net.
6:18 of 2nd period - Snap shot by Jake Muzzin.
6:18 of 2nd period - Stopped by Tyler Plante without a rebound.
6:19 of 2nd period - Chris Mueller wins face-off versus Benn Ferriero in Remparts zone.
6:42 of 2nd period - Pontus Aberg is hit by Trevor Lewis.
7:06 of 2nd period - Nail Yakupov is hit by Peter Andersson and loses puck.
7:13 of 2nd period - Jake Muzzin is hit by Max Reinhart and loses puck.
7:22 of 2nd period - Snap shot by Nail Yakupov.
7:22 of 2nd period - Stopped by Niklas Treutle with a rebound.
7:24 of 2nd period - Slapshot by Niklas Hansson.
7:24 of 2nd period - Stopped by Niklas Treutle with a rebound.
7:34 of 2nd period - Snap shot by Pontus Aberg.
7:34 of 2nd period - Stopped by Niklas Treutle with a rebound.
7:36 of 2nd period - Slapshot by Max Reinhart.
7:36 of 2nd period - Shot Blocked by Jake Muzzin.
7:38 of 2nd period - Wrist shot by Pontus Aberg.
7:38 of 2nd period - Stopped by Niklas Treutle without a rebound.
7:39 of 2nd period - Trevor Lewis wins face-off versus Brandon Mashinter in Thunder zone.
7:46 of 2nd period - Mikko Vainonen is hit by Daniel Paille and loses puck.
8:24 of 2nd period - Justin Williams is hit by Jared Staal and loses puck.
9:21 of 2nd period - Slapshot by Erik Gustafsson.
9:21 of 2nd period - Stopped by Niklas Treutle without a rebound.
9:22 of 2nd period - Trevor Lewis wins face-off versus Max Reinhart in Thunder zone.
9:28 of 2nd period - Minor Penalty to Griffin Reinhart for Roughing.
9:29 of 2nd period - Max Reinhart wins face-off versus Trevor Lewis in Remparts zone.
10:07 of 2nd period - Brandon Mashinter is hit by Trevor Lewis and loses puck.
10:18 of 2nd period - Niklas Hansson is hit by Ryan Nugent-Hopkins and loses puck.
10:59 of 2nd period - Snap shot by Mitchell Heard.
10:59 of 2nd period - Stopped by Niklas Treutle with a rebound.
11:28 of 2nd period - Penalty to Griffin Reinhart is over, Griffin Reinhart is back on ice.
11:47 of 2nd period - Wrist shot by Joe Labate.
11:47 of 2nd period - Stopped by Tyler Plante with a rebound.
11:49 of 2nd period - Snap shot by Joe Labate.
11:49 of 2nd period - Goal by Joe Labate - Remparts : 3 - Thunder : 4.
11:50 of 2nd period - Brandon Mashinter wins face-off versus Nikolay Prokhorkin in neutral zone.
12:42 of 2nd period - Joe Labate is hit by Michal Jordan.
12:46 of 2nd period - Peter Andersson is hit by Mitchell Heard and loses puck.
13:21 of 2nd period - Snap shot by Daniel Paille.
13:21 of 2nd period - Shot Blocked by Adam Clendening.
13:23 of 2nd period - Slapshot by Niklas Hansson.
13:23 of 2nd period - Stopped by Niklas Treutle with a rebound.
13:25 of 2nd period - Snap shot by Daniel Paille.
13:25 of 2nd period - Shot Misses the Net.
14:00 of 2nd period - Icing by Jared Staal.
14:01 of 2nd period - Joe Labate wins face-off versus Max Reinhart in Thunder zone.
14:06 of 2nd period - Wrist shot by Erik Gustafsson.
14:06 of 2nd period - Stopped by Niklas Treutle without a rebound.
14:07 of 2nd period - Benn Ferriero wins face-off versus Max Reinhart in Thunder zone.
14:18 of 2nd period - Slapshot by Max Reinhart.
14:18 of 2nd period - Shot Misses the Net.
14:20 of 2nd period - Wrist shot by Brandon Gormley.
14:20 of 2nd period - Shot Blocked by Jake Muzzin.
14:32 of 2nd period - Ryan Strome is hit by Nikolay Prokhorkin and loses puck.
14:52 of 2nd period - Off-side.
14:53 of 2nd period - Chris Mueller wins face-off versus Zach Stepan in neutral zone.
14:56 of 2nd period - Snap shot by Justin Williams.
14:56 of 2nd period - Stopped by Niklas Treutle with a rebound.
14:58 of 2nd period - Snap shot by Justin Williams.
14:58 of 2nd period - Shot Misses the Net.
15:04 of 2nd period - Backhand shot by Griffin Reinhart.
15:04 of 2nd period - Stopped by Niklas Treutle with a rebound.
15:14 of 2nd period - Austin Wuthrich is hit by Griffin Reinhart and loses puck.
15:55 of 2nd period - Slapshot by Griffin Reinhart.
15:55 of 2nd period - Shot Misses the Net.
15:57 of 2nd period - Wrist shot by Chris Mueller.
15:57 of 2nd period - Deflect By Justin Williams.
15:57 of 2nd period - Shot Misses the Net.
15:57 of 2nd period - Puck is out of play.
15:58 of 2nd period - Max Reinhart wins face-off versus Trevor Lewis in Thunder zone.
16:30 of 2nd period - Backhand shot by Benn Ferriero.
16:30 of 2nd period - Stopped by Tyler Plante with a rebound.
16:32 of 2nd period - Snap shot by Joe Labate.
16:32 of 2nd period - Stopped by Tyler Plante without a rebound.
16:33 of 2nd period - Max Reinhart wins face-off versus Trevor Lewis in Remparts zone.
16:33 of 2nd period - Max Reinhart is hit by Gianluca Curcuruto.
17:09 of 2nd period - Wrist shot by Benn Ferriero.
17:09 of 2nd period - Shot Misses the Net.
17:11 of 2nd period - Slapshot by Jared Staal.
17:11 of 2nd period - Stopped by Tyler Plante with a rebound.
17:27 of 2nd period - Wrist shot by Roberts Lipsbergs.
17:27 of 2nd period - Stopped by Niklas Treutle with a rebound.
19:38 of 2nd period - Michal Jordan is hit by Peter Andersson and loses puck.
19:51 of 2nd period - Michal Jordan is hit by Thomas Spelling and loses puck.
Goals for this period are 1 for Remparts vs 2 for Thunder.
Shots for this period are 12 for Remparts vs 11 for Thunder.
3rd period
0:01 of 3rd period - Ryan Nugent-Hopkins wins face-off versus Max Reinhart in neutral zone.
0:03 of 3rd period - Off-side.
0:04 of 3rd period - Ryan Nugent-Hopkins wins face-off versus Max Reinhart in neutral zone.
0:39 of 3rd period - Slapshot by Thomas Spelling.
0:39 of 3rd period - Stopped by Tyler Plante without a rebound.
0:40 of 3rd period - Brandon Mashinter wins face-off versus Ryan Nugent-Hopkins in Remparts zone.
0:53 of 3rd period - Wrist shot by Ryan Strome.
0:53 of 3rd period - Stopped by Niklas Treutle without a rebound.
0:54 of 3rd period - Brandon Mashinter wins face-off versus Ryan Nugent-Hopkins in Thunder zone.
1:42 of 3rd period - Jared Staal is hit by Chris Mueller and loses puck.
2:03 of 3rd period - Snap shot by Ryan Nugent-Hopkins.
2:03 of 3rd period - Stopped by Tyler Plante with a rebound.
2:05 of 3rd period - Wrist shot by Adam Clendening.
2:05 of 3rd period - Stopped by Tyler Plante with a rebound.
2:07 of 3rd period - Slapshot by Duncan Siemens.
2:07 of 3rd period - Stopped by Tyler Plante with a rebound.
2:09 of 3rd period - Slapshot by Duncan Siemens.
2:09 of 3rd period - Stopped by Tyler Plante without a rebound.
2:10 of 3rd period - Max Reinhart wins face-off versus Trevor Lewis in Remparts zone.
2:12 of 3rd period - Minor Penalty to Nail Yakupov for Hooking.
2:13 of 3rd period - Ryan Nugent-Hopkins wins face-off versus Max Reinhart in Remparts zone.
2:15 of 3rd period - Snap shot by Ryan Nugent-Hopkins.
2:15 of 3rd period - Shot Blocked by Brandon Gormley.
2:17 of 3rd period - Slapshot by Peter Andersson.
2:17 of 3rd period - Deflect By Benn Ferriero.
2:17 of 3rd period - Shot Misses the Net.
2:17 of 3rd period - Puck is out of play.
2:18 of 3rd period - Ryan Nugent-Hopkins wins face-off versus Max Reinhart in Remparts zone.
4:12 of 3rd period - Penalty to Nail Yakupov is over, Nail Yakupov is back on ice.
4:46 of 3rd period - Slapshot by Zach Stepan.
4:46 of 3rd period - Shot Misses the Net.
4:50 of 3rd period - Snap shot by Austin Wuthrich.
4:50 of 3rd period - Deflect By Griffin Reinhart.
4:50 of 3rd period - Stopped by Tyler Plante without a rebound.
4:51 of 3rd period - Max Reinhart wins face-off versus Trevor Lewis in Remparts zone.
4:51 of 3rd period - Max Reinhart is hit by Adam Clendening.
4:57 of 3rd period - Snap shot by Trevor Lewis.
4:57 of 3rd period - Stopped by Tyler Plante without a rebound.
4:58 of 3rd period - Trevor Lewis wins face-off versus Brandon Mashinter in Remparts zone.
5:07 of 3rd period - Slapshot by Griffin Reinhart.
5:07 of 3rd period - Stopped by Niklas Treutle with a rebound.
6:13 of 3rd period - Penalty Shot by Ryan Nugent-Hopkins for Thunder.
6:13 of 3rd period - Wrist shot by Ryan Nugent-Hopkins.
6:13 of 3rd period - Stopped by Tyler Plante.
6:14 of 3rd period - Brandon Mashinter wins face-off versus Joe Labate in Thunder zone.
6:20 of 3rd period - Snap shot by Daniel Paille.
6:20 of 3rd period - Deflect By Benn Ferriero.
6:20 of 3rd period - Goal by Daniel Paille - Remparts : 4 - Thunder : 4.
6:21 of 3rd period - Pontus Aberg wins face-off versus Ryan Nugent-Hopkins in neutral zone.
6:56 of 3rd period - Thomas Spelling is hit by Michal Jordan and loses puck.
7:22 of 3rd period - Ryan Nugent-Hopkins is hit by Erik Gustafsson.
7:29 of 3rd period - Off-side.
7:30 of 3rd period - Trevor Lewis wins face-off versus Chris Mueller in neutral zone.
7:35 of 3rd period - Matt Puempel is hit by Thomas Spelling and loses puck.
8:16 of 3rd period - Off-side.
8:17 of 3rd period - Joe Labate wins face-off versus Mitchell Heard in neutral zone.
8:26 of 3rd period - Michal Jordan is hit by Joe Labate and loses puck.
8:59 of 3rd period - Snap shot by Ryan Nugent-Hopkins.
8:59 of 3rd period - Shot Misses the Net.
9:01 of 3rd period - Snap shot by Ryan Nugent-Hopkins.
9:01 of 3rd period - Shot Misses the Net.
9:03 of 3rd period - Wrist shot by Austin Wuthrich.
9:03 of 3rd period - Goal by Austin Wuthrich - Remparts : 4 - Thunder : 5.
9:04 of 3rd period - Ryan Nugent-Hopkins wins face-off versus Max Reinhart in neutral zone.
9:31 of 3rd period - Nikolay Prokhorkin is hit by Brandon Mashinter and loses puck.
10:02 of 3rd period - Wrist shot by Mitchell Heard.
10:02 of 3rd period - Stopped by Niklas Treutle without a rebound.
10:03 of 3rd period - Max Reinhart wins face-off versus Ryan Nugent-Hopkins in Thunder zone.
10:17 of 3rd period - Minor Penalty to Griffin Reinhart for Hooking.
10:18 of 3rd period - Ryan Nugent-Hopkins wins face-off versus Max Reinhart in Remparts zone.
11:48 of 3rd period - Jake Muzzin is hit by Mitchell Heard and loses puck.
12:17 of 3rd period - Penalty to Griffin Reinhart is over, Griffin Reinhart is back on ice.
12:22 of 3rd period - Wrist shot by Griffin Reinhart.
12:22 of 3rd period - Shot Blocked by Adam Clendening.
12:24 of 3rd period - Wrist shot by Griffin Reinhart.
12:24 of 3rd period - Shot Misses the Net.
12:26 of 3rd period - Slapshot by Erik Gustafsson.
12:26 of 3rd period - Shot Hit the Post.
12:28 of 3rd period - Slapshot by Erik Gustafsson.
12:28 of 3rd period - Shot Misses the Net.
12:30 of 3rd period - Snap shot by Michal Jordan.
12:30 of 3rd period - Deflect By Nail Yakupov.
12:30 of 3rd period - Shot Misses the Net.
12:30 of 3rd period - Puck is out of play.
12:31 of 3rd period - Chris Mueller wins face-off versus Joe Labate in Thunder zone.
13:35 of 3rd period - Keaton Thompson is hit by Austin Wuthrich and loses puck.
13:44 of 3rd period - Brandon Mashinter is hit by Jake Muzzin and loses puck.
13:55 of 3rd period - Slapshot by Keaton Thompson.
13:55 of 3rd period - Stopped by Niklas Treutle without a rebound.
13:56 of 3rd period - Chris Mueller wins face-off versus Trevor Lewis in Thunder zone.
13:57 of 3rd period - Wrist shot by Justin Williams.
13:57 of 3rd period - Stopped by Niklas Treutle with a rebound.
13:59 of 3rd period - Snap shot by Chris Mueller.
13:59 of 3rd period - Stopped by Niklas Treutle with a rebound.
14:01 of 3rd period - Snap shot by Justin Williams.
14:01 of 3rd period - Stopped by Niklas Treutle with a rebound.
14:37 of 3rd period - Icing by Daniel Paille.
14:38 of 3rd period - Daniel Paille wins face-off versus Ryan Nugent-Hopkins in Remparts zone.
14:38 of 3rd period - Daniel Paille is hit by Gianluca Curcuruto.
14:52 of 3rd period - Wrist shot by Daniel Paille.
14:52 of 3rd period - Stopped by Niklas Treutle with a rebound.
14:54 of 3rd period - Wrist shot by Brandon Mashinter.
14:54 of 3rd period - Stopped by Niklas Treutle with a rebound.
15:40 of 3rd period - Snap shot by Benn Ferriero.
15:40 of 3rd period - Deflect By Ryan Nugent-Hopkins.
15:40 of 3rd period - Shot Misses the Net.
15:40 of 3rd period - Puck is out of play.
15:41 of 3rd period - Trevor Lewis wins face-off versus Justin Williams in Remparts zone.
15:50 of 3rd period - Slapshot by Griffin Reinhart.
15:50 of 3rd period - Stopped by Niklas Treutle with a rebound.
15:52 of 3rd period - Slapshot by Griffin Reinhart.
15:52 of 3rd period - Stopped by Niklas Treutle with a rebound.
15:54 of 3rd period - Snap shot by Matt Puempel.
15:54 of 3rd period - Shot Misses the Net.
15:56 of 3rd period - Slapshot by Michal Jordan.
15:56 of 3rd period - Stopped by Niklas Treutle with a rebound.
16:34 of 3rd period - Vincent Dunn is hit by Keaton Thompson and loses puck.
17:11 of 3rd period - Wrist shot by Peter Andersson.
17:11 of 3rd period - Deflect By Erik Gustafsson.
17:11 of 3rd period - Stopped by Tyler Plante with a rebound.
17:23 of 3rd period - Jake Muzzin is hit by Pontus Aberg and loses puck.
17:45 of 3rd period - Minor Penalty to Pontus Aberg for Hooking.
17:46 of 3rd period - Ryan Nugent-Hopkins wins face-off versus Max Reinhart in Remparts zone.
18:54 of 3rd period - Niklas Hansson is hit by Thomas Spelling and loses puck.
19:45 of 3rd period - Penalty to Pontus Aberg is over, Pontus Aberg is back on ice.
19:45 of 3rd period - Snap shot by Zach Stepan.
19:45 of 3rd period - Stopped by Tyler Plante without a rebound.
19:46 of 3rd period - Glen Gulutzan call a timeout for Remparts.
19:46 of 3rd period - Zach Stepan wins face-off versus Max Reinhart in Remparts zone.
19:53 of 3rd period - Remparts, Tyler Plante is pulled from the net.
19:55 of 3rd period - Snap shot by Pontus Aberg.
19:55 of 3rd period - Stopped by Niklas Treutle with a rebound.
19:57 of 3rd period - Snap shot by Brandon Gormley.
19:57 of 3rd period - Goal by Brandon Gormley - Remparts : 5 - Thunder : 5.
19:57 of 3rd period - Tyler Plante from Remparts was sent back in the game.
19:58 of 3rd period - Joe Labate wins face-off versus Chris Mueller in neutral zone.
Goals for this period are 2 for Remparts vs 1 for Thunder.
Shots for this period are 15 for Remparts vs 10 for Thunder.
Overtime #1
0:01 of 1st overtime period - Benn Ferriero wins face-off versus Max Reinhart in neutral zone.
0:48 of 1st overtime period - Snap shot by Brandon Mashinter.
0:48 of 1st overtime period - Shot Misses the Net.
0:54 of 1st overtime period - Michal Jordan is hit by Duncan Siemens and loses puck.
1:15 of 1st overtime period - Duncan Siemens is hit by Daniel Paille.
1:24 of 1st overtime period - Daniel Paille is hit by Jake Muzzin and loses puck.
2:02 of 1st overtime period - Ryan Strome is hit by Duncan Siemens and loses puck.
2:07 of 1st overtime period - Backhand shot by Trevor Lewis.
2:07 of 1st overtime period - Stopped by Tyler Plante with a rebound.
2:10 of 1st overtime period - Icing by Griffin Reinhart.
2:11 of 1st overtime period - Benn Ferriero wins face-off versus Daniel Paille in Remparts zone.
2:28 of 1st overtime period - Snap shot by Trevor Lewis.
2:28 of 1st overtime period - Goal by Trevor Lewis - Remparts : 5 - Thunder : 6.
Goals for this period are 0 for Remparts vs 1 for Thunder.
Shots for this period are 0 for Remparts vs 2 for Thunder.
Back to the Top